 Dungeon Crawl Stone Soup version 0.21-a0-251-g5e8393f (webtiles) character file.

50 Blomdor the Magician (level 3, -3/27 HPs)
             Began as a Barachi Wizard on Sept 5, 2017.
             Slain by Terence
             ... wielding a +0 flail
              (9 damage)
             ... on level 2 of the Dungeon.
             The game lasted 00:03:40 (1808 turns).

Blomdor the Magician (Barachi Wizard)               Turns: 1808, Time: 00:03:41

Health: -3/27      AC:  2    Str:  9    XL:     3   Next: 79%
Magic:  3/7        EV: 12    Int: 18    God:
Gold:   149        SH:  0    Dex: 10    Spells: 1/8 levels left

rFire    . . .     SeeInvis .   i - +1 hand axe
rCold    . . .     Gourm    .   (no shield)
rNeg     . . .     Faith    .   a - +0 robe
rPois    .         Spirit   .   b - +0 hat
rElec    .         Reflect  .   (no cloak)
rCorr    .         Harm     .   (no gloves)
MR       .....                  (no boots)
Stlth    ++........             (no amulet)
HPRegen  0.09/turn              (no ring)
MPRegen  0.10/turn              (no ring)

@: very slightly contaminated, slow
A: +LOS, swims, slowness 1, strong legs 1
a: Hop


You were on level 2 of the Dungeon.
You were hungry.

You visited 1 branch of the dungeon, and saw 2 of its levels.

You collected 149 gold pieces.

Inventory:

Hand Weapons
 i - a +1 hand axe (weapon)
Armour
 a - a +0 robe (worn)
 b - a +0 hat (worn)
Scrolls
 e - a scroll of remove curse
 f - a scroll of blinking {unknown}
Potions
 g - a potion of berserk rage {unknown}
 h - 2 potions of brilliance {unknown}
 k - 2 potions of flight {unknown}
Books
 c - a book of Minor Magic

   Spells                             Type                      Level
   a - Magic Dart                     Conjuration                  1
   b - Blink                          Translocation                2
   c - Call Imp                       Summoning                    2
   d - Slow                           Hexes                        2
   e - Conjure Flame                  Conjuration/Fire             3
   f - Mephitic Cloud                 Conjuration/Poison/Air       3
Comestibles
 d - a bread ration
 j - a chunk of flesh
 l - a fruit


   Skills:
 - Level 2.2 Fighting
 * Level 2.7 Axes
 - Level 2.1 Dodging
 - Level 1.7 Stealth
 - Level 3.2 Spellcasting
 - Level 1.1 Conjurations
   Level 1.2 Summonings
   Level 1.1 Translocations


You had one spell level left.
You knew the following spells:

 Your Spells              Type           Power        Failure   Level  Hunger
a - Magic Dart            Conj           #...         10%         1    None
b - Mephitic Cloud        Conj/Pois/Air  #.......     38%         3    ###....
c - Conjure Flame         Conj/Fire      #.......     36%         3    ###....


Dungeon Overview and Level Annotations

Branches:
Dungeon (2/15)

Altars:
Wu Jian

Annotations:
D:2 Terence


Innate Abilities, Weirdness & Mutations

Shadows flee at your approach. (+LOS)
You can swim through water.
You cover ground slowly.
You can hop short distances.


Message History

The kobold is severely wounded.
You hit Terence. The kobold hits you but does no damage.
You hit the kobold.
You kill the kobold!
Terence cries.
You hit Terence.
Terence is severely wounded.
Terence gestures wildly.
You hit Terence.
Terence is severely wounded.
Terence seems less confused.
Terence hits you with a flail.
You hit Terence.
Terence is severely wounded.
Terence hits you with a flail.
* * * LOW HITPOINT WARNING * * *
You hit Terence but do no damage.
Terence is severely wounded.
You are ready to hop once more.
Terence hits you with a flail!
You die...

############ #####..........# ##
#...#.########.# ## ...##.#.#...#
#.##### #. ......###.# #.#...# #.
#...# #.######.#.#.# #.
###.#...###........#.#.#########.
...........)(..@@...............>
###.#.#.####.###.###.####.#######
.. #.#..<#.............#.# .
#.#..##..#...###.#.##.# #####
#....#####.#.# #.#....###....
####.......#.###.#######.....
##..#####.#....## #.....
####....###.#.##..# ##.....
#.....#...#.######## #......


You could see Terence.

Vanquished Creatures
  An ooze (D:1)
  3 leopard geckos
  6 bats
  3 goblins (D:1)
  10 hobgoblins
  8 kobolds
  2 frilled lizards (D:1)
  7 rats
40 creatures vanquished.

Notes
Turn   | Place    | Note
-------+----------+-------------------------------------------
     0 | D:1      | Blomdor the Barachi Wizard began the quest for the Orb.
     0 | D:1      | Reached XP level 1. HP: 13/13 MP: 4/4
    79 | D:1      | Reached skill level 1 in Fighting
   364 | D:1      | Reached XP level 2. HP: 22/22 MP: 3/6
   718 | D:1      | Reached skill level 1 in Axes
   942 | D:1      | Reached XP level 3. HP: 17/27 MP: 3/7
  1436 | D:1      | Learned a level 3 spell: Mephitic Cloud
  1440 | D:1      | Learned a level 3 spell: Conjure Flame
  1570 | D:2      | Found an ornate altar of the Wu Jian Council.
  1778 | D:2      | Noticed Terence
  1808 | D:2      | Slain by Terence

Vault maps used:
D:1:      dpeg_arrival_connections, serial_co_window_serial, co_window_corner_a,
          co_window_paths_a, co_window_paths_a, co_window_of_opportunity_a,
          co_window_paths_a, co_window_corner_b, co_window_corner_b,
          co_window_of_opportunity_c, co_window_sun, co_window_4corner_a,
          glass_columns_b, glass_columns_a, glass_columns_b, nrook_mini_vaults
D:2:      nicolae_overflow_hidden_temple, uniq_terence

Skill      XL: |  1  2  3 |
---------------+----------+-----
Fighting       | 2 |  2.2
Axes           | 1 2 |  2.7
Dodging        | |  2.1
Stealth        | |  1.7
Spellcasting   | |  3.2
Conjurations   | |  1.1
Summonings     | |  1.2
Translocations | |  1.1

Action                   || total
-------------------------++-------
Melee: Unarmed           ||     8
       Hand axe          ||    89
 Cast: Magic Dart        ||    41
       Mephitic Cloud    ||     1
 Abil: Hop               ||     2
  Use: Scroll            ||     6
 Stab: Sleeping          ||     1
  Eat: Chunk             ||     3
Armor: Robe              ||    15
Dodge: Dodged            ||    80

Table legend:
 A = Spawn XP
 B = Non-spawn XP
 C = Spawn XP percentage of total XP
 D = Spawn monster count
 E = Non-spawn monster count
 F = Spawn count percentage of total count
 G = Total turns spent on level
                    A         B        C        D         E        F      G
               +---------+---------+-------+---------+---------+-------+---------
         Total |      12 |      60 |  16.7 |       8 |      32 |  20.0 |  1808
               +---------+---------+-------+---------+---------+-------+---------
           D:1 |       9 |      45 |  16.7 |       6 |      24 |  20.0 |  1484
           D:2 |       3 |      15 |  16.7 |       2 |       8 |  20.0 |   324
               +---------+---------+-------+---------+---------+-------+---------
